 Dungeon Crawl Stone Soup version bcrawl-1.21.3 (webtiles) character file.

Game seed: 4028960179199242249

43717 funkygono the Devastator (level 14, -9/83 HPs)
             Began as a Fairy Conjurer on Apr 4, 2020.
             Was a High Priest of Sif Muna.
             Killed by the air
             ... invoked by a wind drake
              (13 damage)
             ... on level 6 of the Lair of Beasts.
             The game lasted 00:55:51 (16194 turns).

funkygono the Devastator (Fairy Conjurer)          Turns: 16194, Time: 00:55:51

Health: -9/83      AC: 16    Str: 10    XL:     14   Next: 25%
Magic:  12/37      EV: 24    Int: 22    God:    Sif Muna [*****.]
Gold:   1027       SH:  7    Dex: 15    Spells: 17/47 levels left

rFire    + . .     SeeInvis +   P - staff of fire
rCold    . . .     Gourm    .   (shield currently unavailable)
rNeg     . . .     Faith    .   (armour unavailable)
rPois    .         Spirit   .   (no helmet)
rElec    .         Reflect  .   v - +2 cloak of the Thief {+Fog Slay-2 SInv Stlth+}
rCorr    .         Harm     .   y - +2 pair of gloves
MR       +....                  j - +2 pair of boots
Stlth    +++.......             z - amulet of magic regeneration
HPRegen  0.23/turn              k - ring of wizardry
MPRegen  0.50/turn              g - +4 ring of strength

@: flying evasively
A: small, magic attunement, unstealthy, unfitting armour, able to fly, AC/SH +7
a: Stop Flying, Divine Energy, Channel Magic, Forget Spell, Renounce Religion,
Evoke Fog


You were on level 6 of the Lair of Beasts.
You worshipped Sif Muna.
Sif Muna was extremely pleased with you.
You were not hungry.

You visited 3 branches of the dungeon, and saw 17 of its levels.
You also visited: Sewer.

You collected 1482 gold pieces.
You spent 455 gold pieces at shops.

Inventory:

Hand Weapons
 h - a +6 dagger of venom
 u - a +1 dagger of distortion
 x - a +2 dagger of electrocution
 L - a +0 quick blade
Missiles
 c - 2327 stones (quivered)
 T - 5 throwing nets {!f}
Armour
 j - a +2 pair of boots (worn)
 r - a +2 cloak
 v - the +2 cloak of the Thief (worn) {+Fog Slay-2 SInv Stlth+}
   (You found it on level 6 of the Dungeon)

   It affects your accuracy and damage with ranged weapons and melee attacks
   (-2).
   It lets you see invisible.
   It makes you more stealthy.
 y - a +2 pair of gloves (worn)
Magical Staves
 O - an uncursed staff of earth
 P - an uncursed staff of fire (weapon)
Jewellery
 g - a +4 ring of strength (right hand)
 k - a ring of wizardry (left hand)
 s - a +4 ring of strength
 t - an uncursed amulet of rage
 z - an amulet of magic regeneration (around neck)
 F - a +5 ring of slaying
Wands
 C - a wand of paralysis (7)
 E - a wand of disintegration (16)
 G - a wand of random effects (9)
 K - a wand of polymorph (11)
 U - a wand of digging (7)
Scrolls
 f - 5 scrolls of teleportation
 i - 7 scrolls of remove curse
 q - a scroll of magic mapping
 B - 8 scrolls of identify
 D - 2 scrolls of summoning
 H - a scroll of fear
 I - 2 scrolls of amnesia
 M - a scroll of blinking
 N - a scroll of enchant armour
Potions
 a - 4 potions of resistance
 d - 2 potions of mutation
 l - 7 potions of flight
 m - 7 potions of curing
 n - a potion of ambrosia
 o - 5 potions of heal wounds
 p - 3 potions of brilliance
 w - a potion of invisibility
 A - 6 potions of lignification
 J - a potion of might
Miscellaneous
 Q - a sack of spiders
Comestibles
 e - 21 rations {!d}


   Skills:
 + Level 3.4 Fighting
 + Level 2.3 Short Blades
 + Level 10.1 Dodging
 + Level 4.4 Stealth
 + Level 17.0 Spellcasting
 + Level 17.1 Conjurations
 + Level 8.7 Fire Magic
 + Level 0.5 Evocations


You had 17 spell levels left.
You knew the following spells:

 Your Spells              Type           Power        Failure   Level  Hunger
a - Magic Dart            Conj           ####         0%          1    None
b - Searing Ray           Conj           #######.     0%          2    None
c - Iskenderun's Mystic   Conj           #######.     0%          3    None
d - Mephitic Cloud        Conj/Pois/Air  #####...     1%          3    None
e - Flame Tongue          Conj/Fire      #####        0%          1    None
f - Fireball              Conj/Fire      #######...   1%          5    None
g - Bolt of Draining      Conj/Necr      ######....   1%          5    None
h - Shock                 Conj/Air       #####        1%          1    None
i - Stone Arrow           Conj/Erth      ######       1%          3    None
j - Poison Arrow          Conj/Pois      ######....   6%          6    None

Your spell library contained the following spells:

 Spells                   Type           Power        Failure   Level  Hunger
 Animate Skeleton         Necr           N/A          1%          1    None
 Beastly Appendage        Tmut           ###...       1%          1    None
 Pain                     Necr           ###...       1%          1    None
 Slow                     Hex            ###.....     1%          1    None
 Blink                    Tloc           N/A          1%          2    None
 Call Imp                 Summ           ###...       1%          2    None
 Corpse Rot               Necr           N/A          1%          2    None
 Flaming Arrows           Chrm/Fire      ######..     1%          2    None
 Sticks to Snakes         Tmut           ###.....     1%          2    None
 Conjure Flame            Conj/Fire      #######.     1%          3    None
 Inner Flame              Hex/Fire       N/A          1%          3    None
 Fulminant Prism          Conj/Hex       ######....   1%          4    None
 Sticky Flame             Conj/Fire      #######.     1%          4    None
 Irradiate                Conj/Tmut      ######....   1%          5    None
 Lightning Bolt           Conj/Air       ######....   1%          5    None
 Bolt of Fire             Conj/Fire      #######...   1%          6    None
 Recall                   Summ/Tloc      N/A          3%          3    None
 Regeneration             Chrm/Necr      ###.......   3%          3    None
 Spectral Weapon          Hex/Chrm       ###.....     3%          3    None
 Spider Form              Tmut/Pois      ###          3%          3    None
 Tukima's Dance           Hex            ###.....     3%          3    None
 Vampiric Draining        Necr           ###.......   3%          3    None
 Conjure Ball Lightning   Conj/Air       ######....   6%          6    None
 Airstrike                Air            ###.......   12%         4    None
 Animate Dead             Necr           N/A          12%         4    None
 Cause Fear               Hex            ###.......   12%         4    None
 Ice Form                 Ice/Tmut       ###.....     12%         4    None
 Tree Form                Hex/Tmut       N/A          12%         4    None
 Aura of Abjuration       Summ           ###.......   32%         5    None
 Blade Hands              Tmut           ###.......   32%         5    None
 Summon Demon             Summ           ###.......   32%         5    None
 Summon Forest            Summ/Tloc      ###.......   32%         5    None
 Summon Lightning Spire   Summ/Air       ###.....     32%         5    None
 Summon Mana Viper        Hex/Summ       ###.....     32%         5    None
 Darkness                 Hex            ###.......   85%         6    None
 Freezing Cloud           Ice/Air        ###.......   85%         6    None
 Invisibility             Hex            ###.....     85%         6    None
 Shadow Creatures         Summ           N/A          85%         6    None
 Summon Hydra             Summ           ###.......   85%         6    None
 Chain Lightning          Conj/Air       ######....   90%         8    None


Dungeon Overview and Level Annotations

Branches:
Dungeon (10/12)            Temple (1/1) D:6            Lair (6/6) D:9
 Shoals (0/3) Lair:2       Spider (0/3) Lair:2          Orc (0/1) D:9
  Slime: Lair:5-6

Altars:
Ashenzari
Fedhas
Gozag
Hepliaklqana
Kikubaaqudgha
Lugonu
Makhleb
Nemelex Xobeh
Okawaru
Qazlal
Sif Muna
Trog
Uskayaw
Vehumet
Wu Jian
Yredelemnul
The Shining One

Shops:
D:5 *((*   D:7 :   D:9 :


Innate Abilities, Weirdness & Mutations

Your spells do not cause hunger and MP costs are reduced by 1.
Your bright wings attract enemies. (Stealth-)
You cannot fit into any form of body armour.
Your shimmering scales are hard and can block incoming attacks. (AC +7, SH +7)
You are small and have problems with some larger weapons.
You can fly continuously.


Message History

The crocodile barely misses you.
A crocodile comes into view.
You block the water moccasin's attack. The wolf completely misses you.
You block the wolf's attack.
The water moccasin completely misses you.
You hit the crocodile but do no damage. The ice encasing you melts away.
The wind drake bites you but does no damage.
The crocodile closely misses you. The water moccasin barely misses you.
The crocodile bites you!
* * * LOW HITPOINT WARNING * * *
You block the wind drake's attack. You block the wolf's attack.
The wolf completely misses you.
The crocodile puts on a burst of speed!
The crocodile bites you.
* * * LOW HITPOINT WARNING * * *
The wolf closely misses you. You block the wolf's attack.
The wind drake flaps its wings at you.
The air twists around and violently strikes you in flight!
You die...

## ###.# ##### ### #
#..#..######.#.####.### .#
#.....#.#...#.hS.#.#..###.###.
.............@tht.............
P##.#+.#...#h#kk†.t.......%#
#.<.##...#...#.##.......#
#....#...##....####.....P#
#....#.#..###....# #.....##
#..........# #....# .†......#
#....PP#...P......# .........
#....P##..........#.......#.#
.########..#......##!.....###


You could see a wind drake, a rime drake, a water moccasin, 3 crocodiles and 3
wolves.

Vanquished Creatures
  An ice dragon (Lair:3)
  Harold (Lair:4)
  5 hydras
  The ghost of Lazarus1551 the Archer, a novice NaHu of Cheibriados (D:8)
  2 two-headed ogres (D:9)
  10 death yaks
  A sea snake (shapeshifter) (D:7)
  Pikel (D:6)
  An ugly thing (D:10)
  2 black mambas
  6 elephants
  A torpor snail (Lair:3)
  5 cane toads
  8 komodo dragons
  A troll (D:8)
  A polar bear (D:8)
  7 hippogriffs
  6 slime creatures
  10 dream sheep
  A redback (Lair:2)
  A vampire (D:9)
  2 spriggans (D:8)
  Sigmund (D:5)
  6 wyverns
  A wraith (D:9)
  46 yaks
  A human (shapeshifter) (D:10)
  A steam dragon (Lair:3)
  4 hungry ghosts
  A vampire mosquito (D:8)
  A basilisk (Lair:3)
  4 wargs (D:9)
  A water moccasin (Lair:4)
  11 crocodiles
  13 porcupines
  3 orc warriors
  A hornet zombie (D:7)
  2 sky beasts (D:6)
  4 black bears
  6 ogres
  2 necrophages (D:9)
  A wolf (Lair:6)
  3 centaurs
  Blork the orc (D:4)
  13 bullfrogs
  2 big kobolds
  2 gnoll sergeants
  5 scorpions
  3 killer bees (D:9)
  2 wights (D:9)
  3 electric eels
  3 crimson imps
  4 centaur zombies
  A bullfrog skeleton (D:8)
  5 orc priests
  2 gnoll shamans
  3 hounds
  2 jellies
  3 human zombies (D:9)
  7 orc wizards
  2 centaur skeletons
  3 human skeletons (D:9)
  3 iguanas
  13 worker ants
  2 killer bee zombies
  A mummy (D:9)
  2 worker ant zombies
  14 gnolls
  A howler monkey skeleton (D:6)
  8 adders
  3 river rats (Sewer)
  2 adder zombies
  3 oozes
  3 worms
  3 dart slugs
  4 leopard geckos
  36 orcs
  5 giant cockroaches
  5 goblins
  9 hobgoblins
  12 jackals
  3 quokkas
  4 ball pythons
  6 bats
  4 frilled lizards
  17 kobolds
  A leopard gecko zombie (D:5)
  An orc skeleton (D:9)
  A quokka skeleton (D:6)
  7 rats
  8 fungi
  A plant (D:9)
435 creatures vanquished.

Vanquished Creatures (others)
  25 fungi
  8 plants
33 creatures vanquished.

Grand Total: 468 creatures vanquished

Notes
Turn   | Place    | Note
-------+----------+-------------------------------------------
     0 | D:1      | funkygono the Fairy Conjurer began the quest for the Orb.
     0 | D:1      | Reached XP level 1. HP: 11/11 MP: 6/6
   241 | D:1      | Reached skill level 5 in Conjurations
   303 | D:1      | Reached XP level 2. HP: 17/17 MP: 7/7
   309 | D:1      | Learned a level 2 spell: Searing Ray
   596 | D:1      | Reached XP level 3. HP: 21/21 MP: 9/9
   628 | D:1      | Learned a level 3 spell: Iskenderun's Mystic Blast
  1336 | D:2      | Reached XP level 4. HP: 27/27 MP: 11/11
  1377 | D:2      | Found a glowing golden altar of the Shining One.
  1468 | D:3      | Noticed a -2 dagger
  1470 | D:3      | Noticed a +0 hand axe
  1521 | D:3      | Found a glowing drain.
  1534 | Sewer    | Entered a sewer
  1684 | Sewer    | Noticed a big kobold
  1703 | Sewer    | Killed a big kobold
  1703 | Sewer    | Reached XP level 5. HP: 31/31 MP: 5/13
  1818 | Sewer    | Found a white marble altar of Elyvilon.
  2047 | D:3      | Found a faded altar of an unknown god.
  2111 | D:3      | Found a hide-covered altar of Uskayaw.
  2325 | D:3      | Found a blossoming altar of Fedhas.
  2438 | D:4      | Noticed Blork the orc
  2448 | D:4      | Killed Blork the orc
  2448 | D:4      | Reached XP level 6. HP: 36/36 MP: 7/15
  2691 | D:4      | Reached skill level 5 in Spellcasting
  3162 | D:4      | Reached XP level 7. HP: 41/41 MP: 14/17
  3689 | D:5      | Entered Level 5 of the Dungeon
  3696 | D:5      | Noticed Sigmund
  4103 | D:5      | Found Etwa's General Store.
  4203 | D:5      | Killed Sigmund
  4203 | D:5      | Reached XP level 8. HP: 41/47 MP: 14/21
  4273 | D:5      | Found Powni's Weapon Emporium.
  4356 | D:5      | Found Azien's Assorted Antiques.
  4482 | D:5      | Found Vitonn's Antique Weapon Shoppe.
  4677 | D:6      | Noticed a wyvern
  4683 | D:6      | Killed a wyvern
  4772 | D:6      | Found the +2 cloak of the Thief {+Fog Slay-2 SInv Stlth+}
  4823 | D:6      | Reached skill level 10 in Conjurations
  4823 | D:6      | Reached XP level 9. HP: 31/52 MP: 3/24
  4830 | D:6      | Reached skill level 1 in Fighting
  5002 | D:6      | Found a staircase to the Ecumenical Temple.
  5013 | D:6      | Reached skill level 5 in Dodging
  5121 | Temple   | Entered the Ecumenical Temple
  5180 | Temple   | Became a worshipper of Sif Muna the Loreminder
  5234 | D:6      | Found a shattered altar of Ashenzari.
  5360 | D:6      | Noticed Pikel
  5368 | D:6      | Killed Pikel
  5368 | D:6      | Reached skill level 10 in Spellcasting
  5397 | D:6      | Reached * piety under Sif Muna
  5739 | D:7      | Noticed a komodo dragon
  5744 | D:7      | Noticed a cyclops
  5744 | D:7      | a komodo dragon changed into a cyclops
  5745 | D:7      | Noticed a sea snake
  5745 | D:7      | a cyclops changed into a sea snake
  5753 | D:7      | Killed a sea snake
  5753 | D:7      | Reached XP level 10. HP: 27/60 MP: 9/27
  5892 | D:7      | Reached ** piety under Sif Muna
  5893 | D:7      | Found Ocyfuergh's Book Emporium.
  6189 | D:7      | Received a gift from Sif Muna
  6506 | D:8      | Reached skill level 1 in Short Blades
  6797 | D:8      | Got a transparent war axe
  6989 | D:8      | Found a runed translucent door.
  6991 | D:8      | Noticed Lazarus1551's ghost (novice NaHu)
  6992 | D:8      | Identified the +7 spear "Uzyoreyb" {pain, rC+ Dex+4}
  7014 | D:8      | Killed Lazarus1551's ghost
  7321 | D:8      | Found a stormy altar of Qazlal.
  7454 | D:8      | Reached XP level 11. HP: 64/64 MP: 27/29
  7558 | D:8      | Identified the +11 war axe "Sarcophage" {venom, rPois
                  | Str+6} (You found it on level 8 of the Dungeon)
  7647 | D:9      | Noticed a two-headed ogre
  7654 | D:9      | Killed a two-headed ogre
  7707 | D:9      | Identified Sif Muna's Volume of Bewitching Transmutation
                  | (Sif Muna gifted it to you on level 9 of the Dungeon)
  7707 | D:9      | Received a gift from Sif Muna
  7726 | D:9      | Learned a level 3 spell: Mephitic Cloud
  7774 | D:9      | Found a staircase to the Lair.
  7914 | D:9      | Found a staircase to the Orcish Mines.
  7922 | D:9      | Reached *** piety under Sif Muna
  7975 | D:9      | Found a corrupted altar of Lugonu.
  7975 | D:9      | Found an ancient bone altar of Kikubaaqudgha.
  7976 | D:9      | Found an iron altar of Okawaru.
  8055 | D:9      | Found Vasaq's Book Emporium.
  8063 | D:9      | Bought a book of Flames for 455 gold pieces
  8065 | D:9      | Learned a level 1 spell: Flame Tongue
  8071 | D:9      | Learned a level 5 spell: Fireball
  8181 | D:9      | Found a basalt altar of Yredelemnul.
  8363 | D:9      | Noticed a two-headed ogre
  8369 | D:9      | Killed a two-headed ogre
  8369 | D:9      | Reached skill level 1 in Fire Magic
  8768 | D:9      | Found a hazy altar of Hepliaklqana.
  8854 | D:10     | Entered Level 10 of the Dungeon
  9196 | D:10     | Reached XP level 12. HP: 71/71 MP: 16/32
  9235 | D:9      | Identified Sif Muna's Incunabulum of Enthralling Flight
                  | (Sif Muna gifted it to you on level 9 of the Dungeon)
  9235 | D:9      | Received a gift from Sif Muna
  9797 | D:10     | Reached **** piety under Sif Muna
  9972 | Lair:1   | Entered Level 1 of the Lair of Beasts
 10134 | Lair:1   | Reached skill level 5 in Fire Magic
 10163 | Lair:1   | Reached skill level 15 in Conjurations
 10978 | Lair:2   | Received a gift from Sif Muna
 10992 | Lair:2   | Reached skill level 15 in Spellcasting
 11076 | Lair:2   | Learned a level 5 spell: Bolt of Draining
 11078 | Lair:2   | Learned a level 1 spell: Shock
 11219 | Lair:2   | Found a hole to the Spider Nest.
 11245 | Lair:2   | Found a staircase to the Shoals.
 11245 | Lair:2   | Noticed an eight-headed hydra
 11250 | Lair:2   | Killed an eight-headed hydra
 12173 | Lair:3   | Found a gate leading to a gauntlet.
 12277 | Lair:3   | Reached XP level 13. HP: 76/76 MP: 20/34
 13020 | Lair:3   | Noticed an ice dragon
 13030 | Lair:3   | Killed an ice dragon
 13058 | Lair:3   | Received a gift from Sif Muna
 13066 | Lair:3   | Learned a level 3 spell: Stone Arrow
 13073 | Lair:3   | Learned a level 6 spell: Poison Arrow
 13850 | Lair:4   | Noticed Harold
 13912 | Lair:4   | Killed Harold
 14287 | Lair:4   | Reached ***** piety under Sif Muna
 14948 | Lair:5   | Identified Sif Muna's Handbook of the Firefly (Sif Muna
                  | gifted it to you on level 5 of the Lair of Beasts)
 14948 | Lair:5   | Received a gift from Sif Muna
 14954 | Lair:5   | Reached XP level 14. HP: 83/83 MP: 15/36
 16145 | Lair:6   | Entered Level 6 of the Lair of Beasts
 16164 | Lair:6   | Reached skill level 10 in Dodging
 16193 | Lair:6   | HP: 4/83 [crocodile (5)]
 16194 | Lair:6   | Killed from afar by a wind drake

Skill      XL: |  1  2  3  4  5  6  7  8  9 10 11 12 13 14 |
---------------+-------------------------------------------+-----
Conjurations   | 5 6 7 8 9 10 11 13 14 15 16 17 | 17.1
Spellcasting   | 3 4 5 7 9 11 12 14 15 16 17 | 17.0
Dodging        | 3 4 6 7 8 9 10 | 10.1
Stealth        | 2 3 4 |  4.4
Fighting       | 2 3 |  3.4
Short Blades   | 1 2 |  2.3
Fire Magic     | 2 6 8 |  8.7
Evocations     | |  0.5

Action                   |  1- 3 |  4- 6 |  7- 9 | 10-12 | 13-15 || total
-------------------------+-------+-------+-------+-------+-------++-------
Melee: Short sword       |     2 |       |       |       |       ||     2
       Dagger            |     1 |     1 |    10 |    11 |    11 ||    34
       Staff             |       |       |       |       |     4 ||     4
 Cast: Magic Dart        |    71 |    66 |   134 |   110 |    77 ||   458
       Searing Ray       |     5 |    12 |    26 |    80 |    28 ||   151
       Iskenderun's Myst |       |    10 |    22 |    76 |     7 ||   115
       Fireball          |       |       |       |   100 |    62 ||   162
 Abil: Evoke Fog         |       |       |       |     1 |       ||     1
  Use: Scroll            |     1 |     6 |     8 |    13 |     7 ||    35
       Potion            |       |       |       |     1 |     5 ||     6
  Eat: Chunk             |     1 |     6 |     9 |    18 |     3 ||    37
       Ration            |       |       |       |     2 |     1 ||     3
Armor: Skin              |       |     3 |    17 |    37 |    66 ||   123
Dodge: Dodged            |    13 |    18 |    69 |   139 |   231 ||   470
Block: Other             |     1 |     7 |    24 |    43 |    97 ||   172
